 Dungeon Crawl Stone Soup version 0.25.1-2-g60ff931df9 (webtiles) character file.

Game seed: 10640057790555424774

2181 Martska the Poker (level 9, 0/184 HPs)
             Began as a Naga Warper on Oct 11, 2020.
             Was a Believer of Cheibriados.
             Slain by a death yak (6 damage)
             ... on level 8 of the Dungeon.
             The game lasted 00:30:34 (12981 turns).

Martska the Poker (Naga Warper)                    Turns: 12981, Time: 00:30:35

Health: 0/184      AC: 24    Str: 21    XL:     9   Next: 33%
Magic:  6/14       EV:  1    Int: 22    God:    Cheibriados [**....]
Gold:   463        SH:  7    Dex: 16    Spells: 13/15 levels left

rFire    . . .     SeeInvis +   a - +1 spear
rCold    . . .     Gourm    .   m - +2 buckler
rNeg     + + +     Faith    .   (armour currently unavailable)
rPois    +         Spirit   .   (helmet currently unavailable)
rElec    .         Reflect  .   (cloak currently unavailable)
rCorr    .         Harm     .   (gloves currently unavailable)
MR       +....     NoTele   +   (no barding)
Stlth    ..........             (no amulet)
HPRegen  0.40/turn              j - ring of positive energy
MPRegen  0.14/turn              (no ring)

@: mighty, berserking, tree-form, very slow
A: large, see invisible, slow metabolism 1, spit poison 1, AC +3
a: Spit Poison, Bend Time, Renounce Religion


You were on level 8 of the Dungeon.
You worshipped Cheibriados.
Cheibriados was pleased with you.
You were not hungry.
You were a tree.
You visited 2 branches of the dungeon, and saw 9 of its levels.

You collected 463 gold pieces.

Inventory:

Hand Weapons
 a - a +1 spear (weapon)
Missiles
 e - 2 boomerangs of dispersal (quivered)
 v - 2 boomerangs
Armour
 b - a +0 leather armour (melded)
 h - a +0 cloak
 m - a +2 buckler (worn)
 w - a +0 cloak (melded)
Jewellery
 j - a ring of positive energy (left branch)
 q - a cursed ring of teleportation {unknown}
 t - an uncursed amulet of faith
 x - an uncursed ring of protection from magic {unknown}
Wands
 p - a wand of digging (3)
 F - a wand of iceblast (10)
Scrolls
 d - 2 scrolls of enchant armour {unknown}
 i - a scroll of fog
 k - a scroll of enchant weapon
 l - 3 scrolls of remove curse
 u - 5 scrolls of identify {unknown}
 A - a scroll of acquirement {unknown}
 E - a scroll of noise {unknown}
Potions
 c - 5 potions of degeneration
 g - a potion of flight
 n - a potion of lignification
 o - a potion of heal wounds {unknown}
 r - a potion of might
 s - a potion of invisibility {unknown}
 B - a potion of berserk rage
 D - a potion of magic {unknown}
 G - a potion of ambrosia {unknown}
 H - a potion of haste {unknown}
Comestibles
 f - 10 rations
 C - 2 chunks of flesh


   Skills:
 + Level 6.3 Fighting
 + Level 6.3 Polearms
 - Level 0.8 Throwing
 + Level 2.7 Armour
 + Level 3.7 Dodging
 + Level 3.6 Shields
 + Level 3.5 Spellcasting
 + Level 4.4 Translocations


You had 13 spell levels left.
You knew the following spells:

 Your Spells              Type           Power        Failure   Level  Hunger
a - Blink                 Tloc           N/A          2%          2    ##.....

Your spell library contained the following spells:

 Spells                   Type           Power        Failure   Level  Hunger
 Gell's Gravitas          Tloc           ###.......   5%          3    ###....
 Lesser Beckoning         Tloc           ###.......   5%          3    ###....
 Teleport Other           Tloc           ###.....     5%          3    ###....
 Shroud of Golubria       Chrm/Tloc      ##....       7%          2    ##.....
 Passage of Golubria      Tloc           N/A          19%         4    ####...


Dungeon Overview and Level Annotations

Branches:
Dungeon (8/15)             Temple (1/1) D:5            Lair (0/6) D:8

Altars:
Ashenzari
Cheibriados
Gozag
Hepliaklqana
Kikubaaqudgha
Makhleb
Nemelex Xobeh
Okawaru
Qazlal
Trog
Uskayaw
Zin
The Shining One
Lugonu

Annotations:
D:3 Grinder


Innate Abilities, Weirdness & Mutations

You cannot wear boots.
((Your serpentine skin is tough. (AC +3)))
You have supernaturally acute eyesight. (SInv)
((Armour fits poorly on your strangely shaped body.))
((Your system is resistant to poisons. (rPois)))
((You cover ground very slowly.))
You have a slow metabolism.
You can spit poison.


Message History

You feel mighty! The death yak gores you!
* * * LOW HITPOINT WARNING * * *
You puncture the death yak!
The death yak is lightly wounded.
The death yak gores you.
* * * LOW HITPOINT WARNING * * *
You barely miss the death yak.
The death yak is lightly wounded.
The death yak gores you!
* * * LOW HITPOINT WARNING * * *
The death yak gores you.
* * * LOW HITPOINT WARNING * * *
You barely miss the death yak.
The death yak is lightly wounded.
You block the death yak's attack.
You hit the death yak.
The death yak is lightly wounded.
The death yak gores you but does no damage.
The death yak gores you.
You die...

. .....#.##§##.# #.
>.##...#....# ##### ##.
.......(..######⌠#⌠####..
?.........# ##≈≈≈≈§≈≈####
.......#..###⌠≈....§≈⌠#
......##..Y.##≈.._.§≈##
...#####[.###⌠≈.§...≈⌠###
.. ####.YY####≈≈§.≈≈≈##.#
. +....♣...≈####'####≈..
####...##≈≈≈≈≈.≈≈§≈≈.#
##..#######.###..## ##.#
#.###.## )# #.....# ..
####.## .# #.#### h.
#..... #.#...


You could see 3 death yaks and a howler monkey (fleeing).

Vanquished Creatures
  Eustachio (D:5)
  An orc warrior (D:7)
  An ice beast (D:8)
  A phantom (D:8)
  2 centaurs
  6 bullfrogs
  2 scorpions (D:7)
  Dowan (D:5)
  7 killer bees (D:7)
  2 crimson imps
  3 hounds
  3 jellies
  2 orc wizards
  Natasha (twice) (D:3)
  7 worker ants
  A hound skeleton (D:4)
  2 worker ant zombies
  9 adders
  2 oozes (D:3)
  3 adder zombies
  2 worm zombies (D:7)
  4 worms
  A dart slug (D:3)
  9 leopard geckos
  17 orcs
  4 ball pythons
  11 bats
  9 giant cockroaches
  7 goblins
  13 hobgoblins
  5 jackals
  5 kobolds
  3 frilled lizards
  2 goblin skeletons (D:5)
  3 goblin zombies (D:5)
  A hobgoblin zombie (D:5)
  A kobold skeleton (D:5)
  An orc skeleton (D:5)
  An orc zombie (D:5)
  A quokka skeleton (D:4)
  5 rats
163 creatures vanquished.

Vanquished Creatures (others)
  Duvessa (D:5)
1 creature vanquished.

Grand Total: 164 creatures vanquished

Notes
Turn   | Place    | Note
-------+----------+-------------------------------------------
     0 | D:1      | Martska the Naga Warper began the quest for the Orb.
     0 | D:1      | Reached XP level 1. HP: 19/19 MP: 3/3
   259 | D:1      | Reached XP level 2. HP: 24/27 MP: 5/5
  1142 | D:2      | Reached XP level 3. HP: 24/33 MP: 6/6
  1376 | D:2      | Found a glowing silver altar of Zin.
  1507 | D:2      | Found a hide-covered altar of Uskayaw.
  2112 | D:2      | Reached XP level 4. HP: 28/42 MP: 7/7
  2822 | D:3      | Noticed Natasha
  2825 | D:3      | Killed Natasha
  2825 | D:3      | Reached skill level 1 in Shields
  2862 | D:3      | Found a sparkling altar of Nemelex Xobeh.
  2877 | D:3      | Reached XP level 5. HP: 49/49 MP: 8/8
  3174 | D:3      | Noticed Grinder
  3897 | D:3      | Noticed Natasha
  3900 | D:3      | Killed Natasha
  3926 | D:3      | Learned a level 2 spell: Blink
  4321 | D:3      | Found a burning altar of Makhleb.
  4692 | D:3      | Reached XP level 6. HP: 48/57 MP: 9/9
  5213 | D:4      | You fall into a shaft and drop 1 floor!
  5213 | D:5      | Entered Level 5 of the Dungeon
  5213 | D:5      | Found a shattered altar of Ashenzari.
  5486 | D:5      | Found an ancient bone altar of Kikubaaqudgha.
  5586 | D:5      | Found a staircase to the Ecumenical Temple.
  5595 | Temple   | Entered the Ecumenical Temple
  5624 | Temple   | Became a worshipper of Cheibriados the Contemplative
  5692 | D:5      | Reached XP level 7. HP: 62/66 MP: 10/10
  5694 | D:5      | Found a glowing golden altar of the Shining One.
  5784 | D:5      | Noticed Duvessa
  5784 | D:5      | Noticed Dowan
  6095 | D:5      | Noticed Eustachio
  6138 | D:5      | Killed Eustachio
  6138 | D:5      | Reached skill level 5 in Fighting
  6138 | D:5      | Reached skill level 5 in Polearms
  6755 | D:4      | Reached * piety under Cheibriados
  7627 | D:5      | Killed Dowan
  8004 | D:5      | Killed Duvessa
  8097 | D:6      | Reached skill level 1 in Armour
  8097 | D:6      | Reached XP level 8. HP: 22/75 MP: 11/11
  8595 | D:6      | Found an ancient bone altar of Kikubaaqudgha.
  9685 | D:7      | Reached ** piety under Cheibriados
 10527 | D:7      | HP: 1/76 [orc warrior/+0 dire flail (19)]
 11015 | D:7      | Reached XP level 9. HP: 46/82 MP: 13/13
 11030 | D:7      | HP: 1/82 [acid (8)]
 11778 | D:8      | Found a stormy altar of Qazlal.
 11822 | D:8      | Found a shattered altar of Ashenzari.
 12750 | D:8      | Found a bloodstained altar of Trog.
 12955 | D:8      | Noticed a death yak
 12956 | D:8      | Noticed a death yak
 12961 | D:8      | Noticed a death yak
 12967 | D:8      | Found a staircase to the Lair.
 12979 | D:8      | HP: 6/184 [death yak (12)]
 12981 | D:8      | Slain by a death yak

Illustrated notes

Levels and vault maps discovered:
D:1:      minmay_arrival_up_and_down, layout_basic
D:2:      cheibrodos_greedy_goblins, layout_loops_corners,
          nicolae_overflow_crystal_walls, eat_drink_and_be_merry_uskayaw
D:3:      layout_basic, nemelex_xobeh_ov_fountains_minmay,
          makhleb_heckhound_becter, uniq_grinder, uniq_natasha
D:4:      layout_gridville, gup_sewer_entry_bowl
D:5:      layout_rooms, nicolae_tso_besieged_by_evil,
          nicolae_ashenzari_panopticon, elyvilon_altar_1,
          lemuel_temple_firewalk_a, basic_altar, first_ration, uniq_eustachio,
          uniq_duvessa
D:6:      layout_loops_ring, overflow_temple_1_default, minmay_misc_feat_alley,
          minmay_statues_item, minivault_26
D:7:      layout_loops_cross, enter_ossuary_3, grunt_decor_one_mirror
D:8:      layout_loops_corners, grunt_qazlal_sundering, lightli_temple_of_fire,
          dpeg_lair_monsters, basic_altar
Temple:   kb_corrupted_temple

Skill      XL: |  1  2  3  4  5  6  7  8 |
---------------+-------------------------+-----
Fighting       | 3 4 5 6 |  6.3
Polearms       | 3 4 5 6 |  6.3
Shields        | 1 2 3 |  3.6
Dodging        | 2 3 |  3.7
Armour         | 1 2 |  2.7
Spellcasting   | 3 |  3.5
Translocations | 4 |  4.4
Throwing       | |  0.8

Action                   |  1- 3 |  4- 6 |  7- 9 || total
-------------------------+-------+-------+-------++-------
Melee: Spear             |   144 |   298 |   676 ||  1118
Throw: Boomerang         |       |     1 |     2 ||     3
 Cast: Blink             |       |       |     4 ||     4
Invok: Bend Time         |       |       |     3 ||     3
 Abil: Spit Poison       |     2 |    15 |    36 ||    53
Evoke: Wand              |       |       |     4 ||     4
  Use: Scroll            |       |     7 |     7 ||    14
       Potion            |       |       |    10 ||    10
 Stab: Sleeping          |       |       |     1 ||     1
       Distracted        |       |       |     1 ||     1
  Eat: Chunk             |     2 |    10 |     6 ||    18
       Ration            |       |       |     3 ||     3
Armor: Leather armour    |    31 |    61 |   128 ||   220
       Skin              |       |       |     2 ||     2
Dodge: Dodged            |    59 |   108 |   246 ||   413
Block: Buckler           |    16 |    59 |   185 ||   260
